 Dungeon Crawl Stone Soup version 0.21.1-1-g345015f (webtiles) character file.

75 goulibeur the Distorting Demonspawn (level 4, -1/52 HPs)
             Began as a Demonspawn Abyssal Knight on June 20, 2018.
             Was a Believer of Lugonu.
             Slain by a goblin (3 damage)
             ... led by Robin
             ... on level 2 of the Dungeon.
             The game lasted 00:07:30 (1595 turns).

goulibeur the Distorting Demonspawn (DsAK)          Turns: 1595, Time: 00:07:30

Health: -1/52      AC: 22    Str: 13    XL:     4   Next: 11%
Magic:  7/7        EV:  2    Int: 13    God:    Lugonu [**....]
Gold:   66         SH:  0    Dex: 13    Spells: 3/3 levels left

rFire    . . .     SeeInvis .   a - +2 short sword
rCold    . . .     Gourm    .   (no shield)
rNeg     + + +     Faith    .   (armour currently unavailable)
rPois    +         Spirit   .   (helmet currently unavailable)
rElec    .         Reflect  .   (cloak currently unavailable)
rCorr    .         Harm     .   (gloves currently unavailable)
MR       .....     NoTele   +   (boots currently unavailable)
Stlth    +.........             (no amulet)
HPRegen  0.17/turn              (no ring)
MPRegen  0.10/turn              (no ring)

@: tree-form
A: rot immunity
a: Depart the Abyss, Bend Space, Renounce Religion


You were on level 2 of the Dungeon.
You worshipped Lugonu.
Lugonu was pleased with you.
You were not hungry.
You were a tree.
You visited 1 branch of the dungeon, and saw 2 of its levels.
You visited the Abyss 1 time.

You collected 66 gold pieces.

Inventory:

Hand Weapons
 a - a +2 short sword (weapon)
Armour
 b - a +0 leather armour
 d - a +1 ring mail of poison resistance (melded)
Scrolls
 g - a scroll of remove curse
Comestibles
 c - 5 rations
 f - 5 chunks of flesh


   Skills:
 + Level 3.5 Fighting
 - Level 1.7 Short Blades
 + Level 2.3 Armour
 + Level 1.6 Dodging
 * Level 4.1 Invocations


You had 3 spell levels left.
You didn't know any spells.

Dungeon Overview and Level Annotations

Branches:
Dungeon (2/15)

Altars:
Xom

Annotations:
D:2 Robin


Innate Abilities, Weirdness & Mutations

((You have a pair of small antennae on your head.))
You are immune to rotting.


Message History

You hit the goblin.
The goblin is heavily wounded.
The goblin hits you but does no damage. x3; Robin hits you with a club.
* * * LOW HITPOINT WARNING * * *
The goblin hits you but does no damage.
You barely miss the goblin.
The goblin is heavily wounded.
The goblin hits you but does no damage. x3
The goblin hits you with an enchanted dagger.
* * * LOW HITPOINT WARNING * * *
Robin flexes a bicep menacingly.
The goblin hits you but does no damage.
You hit the goblin.
You kill the goblin!
Lugonu accepts your kill. The goblin barely misses you.
The goblin hits you but does no damage. x2
The goblin hits you but does no damage. x2; Robin hits you but does no damage.
The goblin hits you but does no damage. The goblin hits you but does no damage.
The goblin hits you.
You die...

..#+###. ...
.......
##.## ......
... # ..#.##
#g# .# ....#
#g# ...
....#
#)######...#
....#
#.#.........
###.###.#
#..ggg.^.^..
...<....#
#.#g♣#.^_^.#
...######
#.#))# .^^..
...# #.#..#
.(.. ...#
#.#..# #..
...# #.#..#
. ...#
#.#..# ...#
#.#..# ...#
######.#..#
####
#.........#


You could see Robin and 3 goblins.

Vanquished Creatures
  An ooze (D:2)
  A worm (D:2)
  3 dart slugs (D:1)
  A leopard gecko (D:1)
  3 giant cockroaches (D:1)
  13 goblins
  8 hobgoblins
  8 kobolds
  8 bats
  6 frilled lizards
  5 rats (D:1)
57 creatures vanquished.

Notes
Turn   | Place    | Note
-------+----------+-------------------------------------------
     0 | Abyss:1  | goulibeur the Demonspawn Abyssal Knight began the quest for the Orb.
     0 | Abyss:1  | Reached XP level 1. HP: 18/18 MP: 2/2
    54 | Abyss:1  | Noticed a large abomination
    54 | D:1      | Escaped the Abyss
    95 | D:1      | Reached skill level 1 in Dodging
   162 | D:1      | Reached * piety under Lugonu
   162 | D:1      | Reached skill level 3 in Invocations
   162 | D:1      | Gained mutation: You are immune to rotting. [demonic ancestry]
   162 | D:1      | Reached XP level 2. HP: 19/24 MP: 2/4
   738 | D:1      | Reached XP level 3. HP: 28/29 MP: 5/5
  1550 | D:2      | Found a shimmering altar of Xom.
  1557 | D:2      | Reached skill level 4 in Invocations
  1559 | D:2      | Noticed Robin
  1562 | D:2      | Gained mutation: You have a pair of small antennae on your head. [demonic ancestry]
  1562 | D:2      | Reached XP level 4. HP: 33/35 MP: 5/7
  1565 | D:2      | Reached ** piety under Lugonu
  1591 | D:2      | HP: 2/52 [Robin/club (1)]
  1595 | D:2      | Slain by a goblin

Skill      XL: |  1  2  3 |
---------------+----------+-----
Dodging        | 1 |  1.6
Invocations    | 3 4 |  4.1
Armour         | 2 |  2.3
Fighting       | |  3.5
Short Blades   | |  1.7

Action                   |  1- 3 |  4- 6 || total
-------------------------+-------+-------++-------
Melee: Short sword       |   175 |    19 ||   194
Invok: Depart the Abyss  |     1 |       ||     1
  Use: Scroll            |     3 |     3 ||     6
       Potion            |       |     1 ||     1
  Eat: Chunk             |     2 |       ||     2
Armor: Ring mail         |    73 |     9 ||    82
       Skin              |       |    29 ||    29
Dodge: Dodged            |    81 |    11 ||    92
